 Dungeon Crawl Stone Soup version 0.24.0-13-gcf9b319 (webtiles) character file.

Game seed: 11190187084039849751, levelgen mode: deterministic

105851 XxsatanxX the Bludgeoner (level 15, -24/211 HPs)
             Began as a Minotaur Berserker on Nov 9, 2019.
             Was a High Priest of Trog.
             Annihilated by an acid blob (27 damage)
             ... on level 6 of the Lair of Beasts.
             The game lasted 01:11:26 (34097 turns).

XxsatanxX the Bludgeoner (Minotaur Berserker)      Turns: 34097, Time: 01:11:26

Health: -24/211    AC: 10    Str: 33    XL:     15   Next: 95%
Magic:  0/14       EV: 17    Int:  8    God:    Trog [*****.]
Gold:   884        SH:  0    Dex: 14    Spells: 14/14 levels left

rFire    + . .     SeeInvis .   r - +8 mace of Rotation {crush, rElec rC+ Int+2}
rCold    + + .     Gourm    .   (no shield)
rNeg     + . .     Faith    .   x - +7 plate armour of the Lily {rElec rN+ MR+ Int+2}
rPois    .         Spirit   +   X - +2 hat
rElec    +         Reflect  .   H - scarf {rC+ rF+}
rCorr    +         Harm     .   W - +2 pair of gloves
MR       ++...                  M - +0 pair of boots
Stlth    ..........             g - amulet of guardian spirit
HPRegen  0.45/turn              P - +4 ring of strength
MPRegen  0.14/turn              i - ring of resist corrosion

@: berserking (expiring), corroded, very quick
A: retaliatory headbutt, horns 2, molten scales 1, deterioration 1
a: Berserk, Trog's Hand, Brothers in Arms, Renounce Religion


You were on level 6 of the Lair of Beasts.
You worshipped Trog.
Trog was extremely pleased with you.
You were hungry.

You visited 5 branches of the dungeon, and saw 26 of its levels.

You collected 2280 gold pieces.
You spent 1396 gold pieces at shops.

Inventory:

Hand Weapons
 o - a +5 dire flail of venom
 r - the +8 mace of Rotation (weapon) {crush, rElec rC+ Int+2}
   (You found it on level 4 of the Dungeon)

   It inflicts extra damage upon your enemies.
   It affects your intelligence (+2).
   It protects you from cold.
   It insulates you from electricity.
 y - a +1 antimagic great mace
 F - a +4 dire flail of holy wrath
 S - a +5 mace of draining
Missiles
 G - 4 atropa-tipped darts (quivered)
Armour
 t - a +0 chain mail of cold resistance
 x - the +7 plate armour of the Lily (worn) {rElec rN+ MR+ Int+2}
   (You bought it in a shop on level 2 of the Orcish Mines)

   It affects your intelligence (+2).
   It insulates you from electricity.
   It protects you from negative energy.
   It affects your resistance to hostile enchantments.
 H - a scarf of resistance (worn)
 M - a +0 pair of boots (worn)
 W - a +2 pair of gloves (worn)
 X - a +2 hat (worn)
Jewellery
 g - an amulet of guardian spirit (around neck)
 i - a ring of resist corrosion (right hand)
 m - an uncursed ring of protection from fire
 v - a +3 ring of strength
 E - an uncursed ring of protection from fire
 P - a +4 ring of strength (left hand)
 Y - the ring "Kobbuph" {rN+ Stlth+}
   (You took it off an orc warrior on level 13 of the Dungeon)

   [ring of positive energy]

   It protects you from negative energy.
   It makes you more stealthy.
Wands
 b - a wand of digging (7)
 p - a wand of paralysis (18)
 z - a wand of polymorph (21)
 J - a wand of random effects (10)
 K - a wand of flame (6)
 L - a wand of acid (11)
 N - a wand of enslavement (12)
 O - a wand of disintegration (10)
 V - a wand of scattershot (5)
Scrolls
 d - a scroll of immolation
 f - 8 scrolls of remove curse
 j - 11 scrolls of teleportation
 k - 6 scrolls of enchant weapon
 w - 3 scrolls of magic mapping
 A - 2 scrolls of fear
 B - 4 scrolls of blinking
 C - 6 scrolls of fog
 I - a scroll of vulnerability
 Z - a scroll of acquirement
Potions
 e - 8 potions of curing
 h - 6 potions of flight
 n - 3 potions of might
 q - 5 potions of agility
 s - 4 potions of haste
 u - 2 potions of invisibility
 D - 9 potions of mutation
 Q - a potion of ambrosia
 R - 3 potions of resistance
 T - 3 potions of brilliance
 U - a potion of lignification
Comestibles
 c - 50 rations


   Skills:
 * Level 15.0 Fighting
 + Level 18.4 Maces & Flails
 + Level 18.2 Armour
 * Level 13.8 Dodging


You had 14 spell levels left.
You didn't know any spells.
Your spell library was empty.

Dungeon Overview and Level Annotations

Branches:
Dungeon (15/15)            Temple (0/1) D:4            Lair (6/6) D:8
 Shoals (0/4) Lair:3       Spider (2/4) Lair:4        Slime (1/5) Lair:6
    Orc (2/2) D:11            Elf (0/3) Orc:2        Vaults (0/5) D:14
 Depths (0/5) D:15

Altars:
Ashenzari
Cheibriados
Nemelex Xobeh
Sif Muna

Shops:
D:9 !   Orc:1 }   Orc:2 !*([

Annotations:
Lair:1 2 runed translucent doors, glandock's ghost, novice DDFi
Lair:6 3 runed translucent doors, rakiston's ghost, journeyman MiBe
Spider:2 Aizul


Innate Abilities, Weirdness & Mutations

You reflexively headbutt those who attack you in melee.
You have a pair of horns on your head.
You are partially covered in molten scales. (AC +2)
Your body sometimes deteriorates upon taking damage.


Message History

Trog accepts your kill. The acid blob spits acid at you.
The splash of acid hits you. You resist.
* * * LOW HITPOINT WARNING * * *
You are splashed with acid!
You resist.
* * * LOW HITPOINT WARNING * * *
You bludgeon the acid blob!!
Your hands burn!
* * * LOW HITPOINT WARNING * * *
You headbutt the acid blob, but do no damage.
The acid blob is heavily wounded.
The acid blob spits acid at you.
The splash of acid hits you but does no damage.
You resist. The acid corrodes you!
You are splashed with acid.
You resist.
* * * LOW HITPOINT WARNING * * *
You hit the acid blob.
Your hands burn!
* * * LOW HITPOINT WARNING * * *
You headbutt the acid blob, but do no damage.
The acid blob is heavily wounded.
The acid blob hits you!!
You die...

#...### ##P....# # #..(..#
#......# # ##...#.#####....#.#
#.....##.##......## ### ###
###.......#[.....## #.####.##
#...............## ##..^...#
###.÷.....#......#######......##
#...#######...P[.##..........#
#...## #P...@J.............#
#...P# #...................##
#...## #.....###.##.........#
#...## #......####..........#
#....# ##....## #.......#...#
###....# ##...#.# ##PP######...
#.....## #P.....## #### ###.
###..### ##......# ## ##..÷.#
##....## #.


You could see an acid blob.

Vanquished Creatures
  An acid blob (Slime:1)
  Donald (Lair:6)
  2 azure jellies (Lair:6)
  An ironheart preserver (D:14)
  An entropy weaver (Spider:1)
  Snorg (Lair:4)
  Josephine (Lair:4)
  An ogre mage (D:14)
  A rakshasa (D:15)
  Harold (D:8)
  6 hydras
  Erica (D:9)
  4 centaur warriors
  7 two-headed ogres
  A tengu warrior (D:15)
  4 death yaks
  A queen ant (D:8)
  Sonja (Lair:6)
  A wizard (D:15)
  3 unseen horrors
  A swamp dragon (shapeshifter) (D:13)
  A wolf spider zombie (D:15)
  2 deep elf magi
  A mana viper (shapeshifter) (D:15)
  3 orc sorcerers (Orc:2)
  A wolf spider (Spider:1)
  2 oklob plants (Lair:1)
  4 orb spiders (Spider:1)
  A cyclops (D:14)
  6 ugly things
  A shining eye (Slime:1)
  4 centaur zombies
  A manticore (D:14)
  3 black mambas
  9 spiny frogs
  Psyche (D:11)
  3 torpor snails (Lair:5)
  An eye of devastation (Slime:1)
  4 gargoyles
  An orange demon (D:14)
  A rime drake (Lair:1)
  4 kobold demonologists
  A freezing wraith (D:12)
  3 komodo dragons
  5 demonic crawlers (Spider:1)
  2 efreet
  A jumping spider (shapeshifter) (D:15)
  4 red devils (D:14)
  2 tengu conjurers
  3 trolls
  A polar bear (shapeshifter) (D:14)
  7 jumping spiders (Spider:1)
  4 hornets
  Prince Ribbit (D:6)
  3 polar bears
  26 blink frogs
  2 dream sheep (Lair:6)
  10 hippogriffs
  20 slime creatures
  2 shadows
  25 yaks
  5 wraiths
  8 redbacks (Spider:1)
  7 tarantellas (Spider:1)
  3 wyverns
  Eustachio (D:6)
  2 basilisks
  A steam dragon (D:9)
  4 hungry ghosts
  8 vampire mosquitoes
  A warg (Orc:1)
  3 water moccasins
  An acid dragon (D:14)
  10 soldier ants
  Duvessa (D:5)
  8 porcupines
  4 black bears
  8 ice beasts
  A sky beast (D:5)
  An eye of draining (D:11)
  27 orc warriors
  14 ogres
  2 phantoms
  38 wolves
  13 centaurs
  A boggart (D:8)
  14 crocodiles
  6 big kobolds
  Blork the orc (D:5)
  12 bullfrogs
  3 gnoll sergeants
  Dowan (D:5)
  6 scorpions
  10 wights
  5 howler monkeys
  An electric eel (Lair:3)
  7 crimson imps
  A bullfrog zombie (D:5)
  3 quasits
  4 jellies
  23 orc priests
  7 hounds
  7 centaur skeletons
  Ijyb (D:5)
  2 iguanas (D:9)
  43 worker ants
  29 orc wizards
  2 hound skeletons
  A howler monkey zombie (D:8)
  3 worker ant zombies
  14 gnolls
  A howler monkey skeleton (D:7)
  12 adders
  5 shadow imps
  2 oozes
  3 adder skeletons
  4 worms
  7 leopard geckos
  87 orcs
  8 giant cockroaches
  8 goblins
  12 hobgoblins
  8 jackals
  27 kobolds
  A quokka (D:6)
  4 ball pythons
  7 bats
  3 frilled lizards
  3 quokka skeletons
  3 quokka zombies
  2 rats
802 creatures vanquished.

Vanquished Creatures (collateral kills)
  Jorgrun (D:13)
  A fire giant (D:14)
  A dire elephant (Lair:6)
  A catoblepas (Lair:6)
  A deep troll shaman (Lair:6)
  5 death yaks (Lair:5)
  An orc high priest (Orc:2)
  An orc knight (D:13)
  2 orc sorcerers (Orc:2)
  4 ugly things (D:15)
  3 elephants (Lair:6)
  A polar bear (Lair:4)
  10 dream sheep
  3 slime creatures (Lair:6)
  5 orc warriors
  A porcupine (Lair:4)
  3 wolves (Lair:4)
  A crocodile (Lair:6)
  5 orc priests
  7 orc wizards (Orc:2)
  2 orcs (Orc:2)
  A plant (Lair:6)
60 creatures vanquished.

Vanquished Creatures (others)
  An unseen horror (D:15)
  A centaur zombie (D:13)
  A centaur skeleton (D:13)
  A hungry ghost (D:15)
  8 bushes (D:13)
  A fungus (Lair:6)
  2 plants
15 creatures vanquished.

Grand Total: 877 creatures vanquished

Notes
Turn   | Place    | Note
-------+----------+-------------------------------------------
     0 | D:1      | XxsatanxX the Minotaur Berserker began the quest for the
                  | Orb.
     0 | D:1      | Reached XP level 1. HP: 19/19 MP: 0/0
   244 | D:1      | Reached XP level 2. HP: 15/27 MP: 1/1
   545 | D:1      | Reached ** piety under Trog
   629 | D:1      | Reached XP level 3. HP: 31/33 MP: 2/2
  1531 | D:2      | Reached XP level 4. HP: 23/40 MP: 3/3
  1812 | D:2      | Found a shattered altar of Ashenzari.
  2604 | D:3      | Reached skill level 5 in Maces & Flails
  2604 | D:3      | Reached XP level 5. HP: 45/46 MP: 4/4
  2817 | D:4      | Got an encrusted mace
  3101 | D:4      | Identified the +8 mace of Rotation {crush, rElec rC+ Int+2}
                  | (You found it on level 4 of the Dungeon)
  3307 | D:4      | Found a staircase to the Ecumenical Temple.
  3591 | D:4      | Found a sparkling altar of Nemelex Xobeh.
  3624 | D:5      | Entered Level 5 of the Dungeon
  3681 | D:5      | Reached XP level 6. HP: 49/53 MP: 5/5
  3783 | D:5      | Reached *** piety under Trog
  3843 | D:5      | Noticed Blork the orc
  3851 | D:5      | Killed Blork the orc
  3851 | D:5      | Reached skill level 5 in Armour
  4025 | D:5      | Noticed a yak
  4037 | D:5      | Reached skill level 5 in Fighting
  4038 | D:5      | Reached XP level 7. HP: 56/61 MP: 6/6
  4047 | D:5      | Killed a yak
  4507 | D:5      | Reached XP level 8. HP: 59/70 MP: 7/7
  4535 | D:5      | Noticed Ijyb
  4536 | D:5      | Noticed Duvessa
  4538 | D:5      | Noticed Dowan
  4541 | D:5      | Killed Ijyb
  4545 | D:5      | Killed Duvessa
  4547 | D:5      | Killed Dowan
  4791 | D:5      | Reached **** piety under Trog
  4791 | D:5      | Reached skill level 5 in Dodging
  5090 | D:6      | Noticed Eustachio
  5096 | D:6      | Killed Eustachio
  5265 | D:6      | Reached XP level 9. HP: 78/78 MP: 6/8
  5303 | D:6      | Noticed Prince Ribbit
  5315 | D:6      | Killed Prince Ribbit
  6823 | D:7      | Reached skill level 10 in Maces & Flails
  7076 | D:7      | HP: 3/79 [poisoned by a soldier ant]
  7083 | D:7      | HP: 2/79 [poisoned by a soldier ant]
  7090 | D:7      | HP: 2/79 [poisoned by a soldier ant]
  7098 | D:7      | HP: 2/79 [poisoned by a soldier ant]
  7638 | D:8      | Reached skill level 10 in Armour
  8164 | D:8      | Reached XP level 10. HP: 79/88 MP: 9/9
  8269 | D:8      | Reached ***** piety under Trog
  8298 | D:8      | Noticed a queen ant
  8308 | D:8      | Killed a queen ant
  8674 | D:8      | Found a staircase to the Lair.
  8760 | D:8      | Noticed Harold
  8776 | D:8      | Killed Harold
  9423 | D:8      | Found a shimmering blue altar of Sif Muna.
  9587 | D:9      | Noticed a two-headed ogre
  9596 | D:9      | Killed a two-headed ogre
  9596 | D:9      | Reached XP level 11. HP: 34/97 MP: 3/10
  9862 | D:9      | Received a gift from Trog
 10119 | D:9      | Noticed a two-headed ogre
 10124 | D:9      | Killed a two-headed ogre
 10316 | D:9      | Noticed Erica
 10328 | D:9      | Killed Erica
 10342 | D:9      | Found Gyfimi's Distillery.
 10350 | D:9      | Bought a potion of heal wounds for 70 gold pieces
 10751 | D:9      | Found the +5 robe of Misfortune {*Contam Harm *Corrode
                  | *Drain *Slow EV+5}
 11076 | D:10     | Entered Level 10 of the Dungeon
 11930 | Lair:1   | Entered Level 1 of the Lair of Beasts
 11946 | Lair:1   | Reached skill level 10 in Fighting
 12323 | Lair:1   | Found a large runed translucent door.
 12323 | Lair:1   | Found a large runed translucent door.
 12324 | Lair:1   | Noticed glandock's ghost (novice DDFi)
 12420 | Lair:1   | Noticed a six-headed hydra
 12428 | Lair:1   | Killed a six-headed hydra
 12428 | Lair:1   | Reached XP level 12. HP: 21/106 MP: 4/11
 12891 | Lair:1   | You fall into a shaft and drop 1 floor!
 12943 | Lair:1   | Noticed a seven-headed hydra
 12950 | Lair:1   | Killed a seven-headed hydra
 14128 | Lair:2   | Received a gift from Trog
 14850 | D:11     | Noticed Psyche
 14860 | D:11     | Paralysed by Psyche for 7 turns
 14868 | D:11     | Killed Psyche
 14895 | D:11     | Reached skill level 10 in Dodging
 15467 | D:11     | Received a gift from Trog
 15950 | D:11     | Found a staircase to the Orcish Mines.
 15998 | D:11     | Reached ****** piety under Trog
 16345 | D:12     | Reached skill level 15 in Maces & Flails
 16651 | D:12     | Reached XP level 13. HP: 73/116 MP: 6/12
 17557 | Lair:3   | Found a staircase to the Shoals.
 17562 | Lair:3   | Reached skill level 15 in Armour
 18177 | Lair:4   | Noticed Snorg
 18190 | Lair:4   | Killed Snorg
 18200 | Lair:4   | Noticed Josephine
 18230 | Lair:4   | Killed Josephine
 18843 | Lair:4   | Received a gift from Trog
 18886 | Lair:4   | Found a hole to the Spider Nest.
 19572 | Lair:5   | Found a snail-covered altar of Cheibriados.
 20083 | Lair:5   | You fall into a shaft and drop 1 floor!
 20083 | Lair:6   | Entered Level 6 of the Lair of Beasts
 20083 | Lair:6   | Found a staircase to the Slime Pits.
 20717 | Lair:6   | Found a runed translucent gate.
 20718 | Lair:6   | Found a runed translucent gate.
 20719 | Lair:6   | Found a runed translucent gate.
 20721 | Lair:6   | Noticed rakiston's ghost (journeyman MiBe)
 21076 | Lair:6   | Reached XP level 14. HP: 87/127 MP: 13/13
 21187 | Lair:6   | Noticed Sonja
 21193 | Lair:6   | Killed Sonja
 22223 | Lair:6   | Identified the Collected Works on Cold and Slavery
 22698 | D:13     | Identified the ring "Kobbuph" {rN+ Stlth+}
 23730 | D:13     | Noticed Jorgrun
 23751 | D:13     | Killed Jorgrun
 25525 | D:14     | Identified a scroll of acquirement
 25646 | D:14     | Found a gate to the Vaults.
 25646 | D:14     | Noticed an ironheart preserver
 25757 | D:14     | Found a snail-covered altar of Cheibriados.
 25797 | D:14     | Killed an ironheart preserver
 26112 | D:15     | Entered Level 15 of the Dungeon
 26143 | D:14     | Received a gift from Trog
 26403 | D:15     | Noticed a fire giant
 26659 | D:14     | HP: 4/129 [fire giant/bolt of fire (11)]
 26662 | D:14     | Killed a fire giant
 27034 | D:14     | Reached XP level 15. HP: 33/136 MP: 3/14
 27477 | D:15     | Found a staircase to the Depths.
 28556 | Orc:1    | Entered Level 1 of the Orcish Mines
 28567 | Orc:1    | Found Hodu's Gadget Shop.
 29057 | Orc:2    | Entered Level 2 of the Orcish Mines
 29102 | Orc:2    | Found a staircase to the Elven Halls.
 29390 | Orc:2    | Received a gift from Trog
 29400 | Orc:2    | Paralysed by an orc sorcerer for 3 turns
 29442 | Orc:2    | Found Cetasuse's Weapon Shop.
 29447 | Orc:2    | Found Utzatoro's Armour Shop.
 29698 | Orc:2    | Found Lyhipt's General Store.
 29701 | Orc:2    | Found Daidul's Distillery.
 29704 | Orc:2    | Bought a scroll of identify for 36 gold pieces
 29707 | Orc:2    | Bought the +7 plate armour of the Lily {rElec rN+ MR+
                  | Int+2} for 1290 gold pieces
 30666 | Slime:1  | Entered Level 1 of the Pits of Slime
 30666 | Slime:1  | Noticed an acid blob
 31142 | Spider:1 | Entered Level 1 of the Spider Nest
 32905 | Spider:2 | Noticed Aizul
 33077 | Slime:1  | Noticed Donald
 33081 | Slime:1  | Noticed an azure jelly
 33101 | Lair:6   | Killed Donald
 33385 | Lair:6   | Killed an azure jelly
 33482 | Slime:1  | Killed an acid blob
 33631 | Slime:1  | Gained mutation: You are partially covered in molten
                  | scales. (AC +2) [a shining eye]
 33638 | Slime:1  | Gained mutation: Your body sometimes deteriorates upon
                  | taking damage. [a shining eye]
 33646 | Slime:1  | Noticed an azure jelly
 33674 | Lair:6   | Killed an azure jelly
 33913 | Slime:1  | Reached skill level 15 in Fighting
 34046 | Slime:1  | Noticed an acid blob
 34060 | Slime:1  | Noticed an acid blob
 34094 | Lair:6   | HP: 10/211 [acid (8)]
 34096 | Lair:6   | HP: 4/211 [acid (6)]
 34097 | Lair:6   | Annihilated by an acid blob

Levels and vault maps discovered:
D:1:      dpeg_arrival_morbid_curiosity, layout_basic
D:2:      layout_loops_ring, lemuel_crystal_altar, first_ration,
          skrybe_limestone_x
D:3:      layout_basic
D:4:      layout_loops_cross, temple_doors_e, nemelex_spade_bored_becter
D:5:      minmay_chambers_of_fours, layout_basic, minmay_fountain_box,
          uniq_blork_the_orc, uniq_ijyb, uniq_duvessa
D:6:      layout_layer_cave, uniq_prince_ribbit1, uniq_eustachio
D:7:      minmay_blocky_corners, layout_loops_ring, grunt_decor_clamped
D:8:      kennysheep_orc_sif_temple, layout_rooms, dpeg_oklobed_lair,
          hangedman_pestilent_swarm, zaba_anthell, uniq_harold
D:9:      layout_roguey, serial_shops, shop, kennysheep_generic_room_8,
          uniq_erica
D:10:     layout_roguey, serial_co_window_serial, co_window_paths_b,
          co_window_of_opportunity_a, co_window_paths_a, co_window_cross_1,
          co_window_cross_1, co_window_corner_ca, co_window_cross_4,
          co_window_broadway_a
D:11:     layout_cross, david_orc_2, uniq_psyche
D:12:     layout_roguey, minmay_liquid_box
D:13:     layout_roguey [special_room_orc], minmay_hedge_maze, uniq_jorgrun
D:14:     layout_grid_maze, skrybe_vaults_entry_preservation,
          cheibriados_altar_1, minmay_beelzebubs_servants
D:15:     grunt_enter_depths_giant_problem, layout_cave_pools,
          serial_park_square1 [serial_park_minivault_5x5_3],
          chequers_serial_rivers_room_b
Lair:1:   layout_long_grid, ebering_ghost_disaster_area, minivault_26,
          grunt_megastairs_3, serial_bayou_shore_b, minmay_lair_oklob_chamber
Lair:2:   layout_cave_shapes, st_stairs_3
Lair:3:   layout_cave_pods, minmay_shoals_entry_centaurs, serial_forest,
          infiniplex_forest_lined_room_2, infiniplex_forest_lined_3_way,
          infiniplex_forest_lined_2, infiniplex_forest_end_2,
          infiniplex_staircase_pool
Lair:4:   layout_hall_layers, nicolae_spider_entry_non_spiders,
          grunt_forest_large_clearings, uniq_josephine, uniq_snorg
Lair:5:   layout_loops_ring, minivault_11, kennysheep_snail_temple
Lair:6:   grunt_lair_end_beastmaster, layout_concentric_octagons, slime_dummy,
          ebering_ghost_rock_garden, chequers_serial_rivers_room_a, uniq_sonja
Spider:1: layout_spider_delve, nicolae_spider_webbed_stairs
Spider:2: layout_spider_delve, ebering_ghost_rock_garden,
          guppyfry_spider_mini_1, uniq_aizul, uniq_arachne, uniq_roxanne
Slime:1:  layout_caves, uniq_donald
Orc:1:    layout_caves, serial_shops, nicolae_shop_stone, shop_fountains,
          nicolae_shop_window_shopping, nicolae_shop_behind_doors,
          nicolae_orc_crystal_geode
Orc:2:    st_orc_mages, layout_caves

Skill      XL: |  1  2  3  4  5  6  7  8  9 10 11 12 13 14 15 |
---------------+----------------------------------------------+-----
Maces & Flails | 4 5 6 7 9 10 12 13 15 16 17 18 | 18.4
Armour         | 3 4 5 6 8 10 11 13 14 16 17 18 | 18.2
Fighting       | 4 5 6 7 9 10 11 12 13 15 | 15.0
Dodging        | 3 4 5 6 8 9 10 11 12 13 | 13.8

Action                   |  1- 3 |  4- 6 |  7- 9 | 10-12 | 13-15 || total
-------------------------+-------+-------+-------+-------+-------++-------
Melee: Mace              |    75 |   101 |   250 |   630 |  1353 ||  2409
       Headbutt          |    13 |    15 |    52 |   136 |   401 ||   617
Throw: Dart              |       |       |       |     5 |     8 ||    13
Invok: Berserk           |       |       |     2 |     5 |     9 ||    16
       Brothers in Arms  |       |       |       |       |    15 ||    15
Evoke: Wand              |       |       |       |     6 |     8 ||    14
  Use: Scroll            |       |       |     5 |    12 |    11 ||    28
       Potion            |       |       |       |       |     9 ||     9
 Stab: Sleeping          |       |     1 |       |       |       ||     1
       Invisible         |       |       |       |     2 |       ||     2
       Held in net/web   |       |       |       |       |     1 ||     1
  Eat: Chunk             |     2 |     8 |    14 |    30 |    57 ||   111
       Ration            |       |       |       |     1 |     4 ||     5
Armor: Animal skin       |    11 |     4 |       |       |       ||    15
       Leather armour    |       |     7 |     2 |       |       ||     9
       Chain mail        |       |       |   114 |   197 |   340 ||   651
       Skin              |       |       |       |   145 |       ||   145
       Plate armour      |       |       |       |       |   574 ||   574
Dodge: Dodged            |    65 |    82 |   145 |   334 |  1079 ||  1705
